 Dungeon Crawl Stone Soup version 0.25.1-2-g60ff931df9 (webtiles) character file.

Game seed: 5197120310967825137

161 jakkaru the Covered (level 5, -7/33 HPs)
             Began as a Gargoyle Fighter on Oct 30, 2020.
             Was an Initiate of Okawaru.
             Mangled by an ogre
             ... wielding a +0 giant club
              (17 damage)
             ... on level 4 of the Dungeon.
             The game lasted 00:04:41 (2509 turns).

jakkaru the Covered (Gargoyle Fighter)              Turns: 2509, Time: 00:04:42

Health: -7/33      AC: 13    Str: 20    XL:     5   Next: 42%
Magic:  5/5        EV:  5    Int:  9    God:    Okawaru [......]
Gold:   187        SH: 14    Dex:  9    Spells: 4/4 levels left

rFire    . . .     SeeInvis +   a - +0 war axe
rCold    . . .     Gourm    .   c - +0 kite shield
rNeg     + . .     Faith    .   r - +0 chain mail (curse)
rPois    ∞         Spirit   .   (no helmet)
rElec    +         Reflect  +   (no cloak)
rCorr    .         Harm     .   (no gloves)
MR       +....                  (no boots)
Stlth    ..........             s - amulet of reflection
HPRegen  0.11/turn              x - ring of see invisible
MPRegen  0.09/turn              g - ring of protection from magic

@: no status effects
A: negative energy resistance 1, electricity resistance, unbreathing,
petrification resistance, rot immunity, AC +4
a: Renounce Religion


You were on level 4 of the Dungeon.
You worshipped Okawaru.
Okawaru was noncommittal.
You were not hungry.

You visited 1 branch of the dungeon, and saw 4 of its levels.

You collected 187 gold pieces.

Inventory:

Hand Weapons
 a - a +0 war axe (weapon)
Missiles
 w - 15 poisoned darts (quivered)
Armour
 c - a +0 kite shield (worn)
 r - a cursed +0 chain mail (worn)
Jewellery
 g - a ring of protection from magic (right hand)
 m - an uncursed ring of fire
 s - an amulet of reflection (around neck)
 x - a ring of see invisible (left hand)
Scrolls
 i - 3 scrolls of teleportation {unknown}
 p - 2 scrolls of enchant weapon {unknown}
 q - 3 scrolls of identify {unknown}
 t - 5 scrolls of remove curse {unknown}
 v - a scroll of fear {unknown}
 y - a scroll of fog {unknown}
Potions
 d - 3 potions of might
 e - a potion of resistance {unknown}
 h - a potion of mutation {unknown}
 j - 2 potions of lignification {unknown}
 k - a potion of heal wounds {unknown}
 l - a potion of cancellation {unknown}
 n - a potion of brilliance {unknown}
 o - a potion of flight {unknown}
 u - a potion of haste {unknown}
Comestibles
 b - a chunk of flesh
 f - 10 rations


   Skills:
 + Level 4.1 Fighting
 * Level 3.3 Axes
 + Level 4.1 Armour
 + Level 4.1 Shields


You had 4 spell levels left.
You didn't know any spells.
Your spell library was empty.

Dungeon Overview and Level Annotations

Branches:
Dungeon (4/15)
 Temple: D:4-7

Altars:
Cheibriados
Elyvilon
Fedhas
Makhleb
Okawaru
Sif Muna


Innate Abilities, Weirdness & Mutations

You are resistant to torment.
Your stone body is resilient. (AC +4)
You are immune to poison.
You resist negative energy. (rN+)
You are resistant to electric shocks. (rElec)
You can survive without breathing.
You are immune to petrification.
You are immune to rotting.


Message History

You hit the ogre but do no damage. The ogre hits you with a +0 giant club.
Your chain mail prevents you from hitting the ogre.
The ogre hits you with a +0 giant club.
You barely miss the ogre. You block the ogre's attack.
You barely miss the ogre. The ogre hits you with a +0 giant club!
You slash the ogre!
The ogre is moderately wounded.
The ogre hits you with a +0 giant club!
* * * LOW HITPOINT WARNING * * *
You are too injured to fight recklessly!
You are too injured to fight recklessly!
You are too injured to fight recklessly!
You are too injured to fight recklessly!
A giant cockroach comes into view.
You hit the giant cockroach.
The giant cockroach is moderately wounded.
You barely miss the ogre. You block the giant cockroach's attack.
The ogre hits you with a +0 giant club!
Ouch! That really hurt!
You die...

#.# #.#####.# #####.#
#.# #.#
#.....####.#####>#
##.###..........#.#
........###.###.#.#
####..[..##.# #.#.#
##...###.###.#.# #
##.####.......#### #
#.##.@O.........# #
#.##s##########.## #
##'##. ######..# #
##...#.#####.......#
####
##<.....#...........#
##.##
##.......#####.......#
....####........#
######..#
.......'........# #..#
....####..........
..........#


You could see an ogre and a giant cockroach.

Vanquished Creatures
  An orc priest (D:4)
  An orc wizard (D:4)
  4 adders
  An ooze (D:3)
  A worm (D:4)
  A dart slug (D:1)
  2 leopard geckos
  6 orcs (D:4)
  5 bats
  2 giant cockroaches
  3 goblins
  8 hobgoblins
  A ball python (D:2)
  2 frilled lizards
  7 kobolds
  6 rats
51 creatures vanquished.

Notes
Turn   | Place    | Note
-------+----------+-------------------------------------------
     0 | D:1      | jakkaru the Gargoyle Fighter began the quest for the Orb.
     0 | D:1      | Reached XP level 1. HP: 14/14 MP: 1/1
    77 | D:1      | Reached XP level 2. HP: 15/19 MP: 2/2
   576 | D:1      | Reached XP level 3. HP: 23/23 MP: 3/3
   771 | D:2      | Found a shimmering blue altar of Sif Muna.
   792 | D:2      | Found a burning altar of Makhleb.
   873 | D:2      | Found an iron altar of Okawaru.
   884 | D:2      | Became a worshipper of Warmaster Okawaru
  1089 | D:2      | Found a white marble altar of Elyvilon.
  1198 | D:2      | Found a snail-covered altar of Cheibriados.
  1210 | D:2      | Found a blossoming altar of Fedhas.
  1404 | D:3      | Reached XP level 4. HP: 29/29 MP: 4/4
  2166 | D:4      | Reached XP level 5. HP: 33/33 MP: 5/5
  2487 | D:4      | Noticed an ogre
  2509 | D:4      | Mangled by an ogre

Illustrated notes

Levels and vault maps discovered:
D:1:      sevenhm_arrival_forest_fort_small_4, layout_basic
D:2:      layout_basic, fedhas_altar_1, cheibriados_altar_1, okawaru_gym_becter,
          elyvilon_altar_5, grunt_temple_overflow_open, first_ration
D:3:      layout_basic, lemuel_old_faithful
D:4:      layout_loops_corners, gammafunk_temple_overflow_wave, chequers_jeans,
          kennysheep_generic_room_16

Skill      XL: |  1  2  3  4 |
---------------+-------------+-----
Axes           | 2 3 |  3.3
Armour         | 4 |  4.1
Shields        | 4 |  4.1
Fighting       | 4 |  4.1

Action                   |  1- 3 |  4- 6 || total
-------------------------+-------+-------++-------
Melee: War axe           |   111 |    86 ||   197
  Eat: Chunk             |     2 |     3 ||     5
Armor: Scale mail        |    77 |       ||    77
       Chain mail        |     5 |    48 ||    53
Dodge: Dodged            |    42 |    13 ||    55
Block: Kite shield       |    67 |    68 ||   135
